 Dungeon Crawl Stone Soup version 0.22.0-75-g3901e79 (webtiles) character file.

68 Fang the Skirmisher (level 4, 0/29 HPs)
             Began as a Gargoyle Berserker on Sept 14, 2018.
             Was a Believer of Trog.
             Slain by an orc wizard
             ... wielding a +0 dagger
              (2 damage)
             ... on level 3 of the Dungeon.
             The game lasted 00:02:06 (2110 turns).

Fang the Skirmisher (Gargoyle Berserker)            Turns: 2110, Time: 00:02:06

Health: 0/29       AC:  7    Str: 21    XL:     4   Next: 19%
Magic:  4/4        EV: 12    Int:  8    God:    Trog [**....]
Gold:   192        SH:  0    Dex:  9    Spells: 3/3 levels left

rFire    x . .     SeeInvis .   f - +0 hand axe (curse)
rCold    + . .     Gourm    .   (no shield)
rNeg     + . .     Faith    .   b - +0 animal skin
rPois    ∞         Spirit   .   n - +2 hat
rElec    +         Reflect  .   (no cloak)
rCorr    .         Harm     .   (no gloves)
MR       .....                  (no boots)
Stlth    +.........             (no amulet)
HPRegen  0.09/turn              p - ring of ice
MPRegen  0.09/turn              (no ring)

@: no status effects
A: negative energy resistance 1, electricity resistance, unbreathing,
petrification resistance, rot immunity, AC +3
a: Berserk, Trog's Hand, Renounce Religion


You were on level 3 of the Dungeon.
You worshipped Trog.
Trog was pleased with you.
You were not hungry.

You visited 1 branch of the dungeon, and saw 3 of its levels.

You collected 192 gold pieces.

Inventory:

Hand Weapons
 a - a +0 hand axe
 f - a cursed +0 hand axe (weapon)
Armour
 b - a +0 animal skin (worn)
 n - a +2 hat (worn)
Jewellery
 p - a ring of ice (left hand)
Wands
 o - a wand of digging (13)
Scrolls
 d - 2 scrolls of identify {unknown}
 h - a scroll of noise {unknown}
 i - 3 scrolls of teleportation {unknown}
 j - a scroll of enchant weapon {unknown}
Potions
 e - 2 potions of curing {unknown}
 g - a potion of mutation {unknown}
 k - 2 potions of heal wounds {unknown}
 l - a potion of ambrosia {unknown}
 m - a potion of brilliance {unknown}
Comestibles
 c - 5 rations
 q - 2 chunks of flesh


   Skills:
 + Level 3.9 Fighting
 + Level 3.5 Axes
 + Level 2.3 Armour
 + Level 2.1 Dodging
 + Level 0.7 Stealth


You had 3 spell levels left.
You didn't know any spells.
Your spell library was empty.

Dungeon Overview and Level Annotations

Branches:
Dungeon (3/15)

Altars:


Innate Abilities, Weirdness & Mutations

You are resistant to torment.
Your stone body is resilient. (AC +3)
You are immune to poison.
You resist negative energy. (rN+)
You are resistant to electric shocks. (rElec)
You can survive without breathing.
You are immune to petrification.
You are immune to rotting.


Message History

The magic dart hits you!
You hear some strange, mumbled words.
Something tries to affect you, but you resist.
You closely miss something. Something hits you but does no damage.
You hit something.
An orc comes into view. It is wielding a flail.
Something hits you but does no damage.
You miss something. Something hits you.
You miss something.
You hear some strange, mumbled words.
A puff of flame appears from out of thin air!
The puff of flame hits you! The fire burns you terribly!
* * * LOW HITPOINT WARNING * * *
You hear a shout!
You miss something. You hit the orc.
You hear a shout!
The orc hits you with a flail.
* * * LOW HITPOINT WARNING * * *
Something hits you.
You die...

..#...## #..
#...... #.....#
##.. #......
#÷....# #.(
#.##### #.....#
.. #.# .........
.. #.#
.####..... #.
#.# # #..#.. #.
##.# .....
##o##### ###..#
#..
#.{@...####...##
#.####......###
# #......#
#......#
#......#
#..†...#
#)...<.#
#......#
#......#


You could see an orc.

Vanquished Creatures
  2 adders
  2 worms
  2 leopard geckos
  An orc (D:3)
  3 bats
  5 giant cockroaches
  6 goblins
  6 hobgoblins
  4 jackals (D:2)
  3 frilled lizards
  4 rats
  A fungus (D:1)
39 creatures vanquished.

Notes
Turn   | Place    | Note
-------+----------+-------------------------------------------
     0 | D:1      | Fang the Gargoyle Berserker began the quest for the Orb.
     0 | D:1      | Reached XP level 1. HP: 14/14 MP: 1/1
    29 | D:1      | Reached XP level 2. HP: 11/19 MP: 2/2
  1327 | D:2      | Reached XP level 3. HP: 20/24 MP: 3/3
  1395 | D:2      | Reached ** piety under Trog
  1905 | D:3      | Reached XP level 4. HP: 29/29 MP: 4/4
  2110 | D:3      | Slain by an orc wizard

Skill      XL: |  1  2  3 |
---------------+----------+-----
Axes           | 3 |  3.5
Dodging        | 2 |  2.1
Fighting       | |  3.9
Armour         | |  2.3
Stealth        | |  0.7

Action                   |  1- 3 |  4- 6 || total
-------------------------+-------+-------++-------
Melee: Hand axe          |   120 |    30 ||   150
  Eat: Chunk             |     3 |     1 ||     4
Armor: Animal skin       |    61 |    11 ||    72
Dodge: Dodged            |   107 |    12 ||   119
